Flames vs RedWings

Created - December 1, 2016 at 17:13

Goals
1 2 3 T
Flames 0 1 0 1
RedWings 3 2 0 5
Shots
1 2 3 T
Flames 7 13 11 31
RedWings 13 13 14 40

1st period

1. RedWings , Tyler Toffoli 12 (Jonathan Drouin, Kevin Connauton) at 3:28
2. RedWings , Sean Monahan 13 (Paul Martin) at 7:40
3. RedWings , Tyler Toffoli 13 (Filip Forsberg, Zach Trotman) at 11:19

Penalties :
No Penalty

2nd period

4. RedWings , Mikhail Grabovski 4 (Erik Haula, Alexandre Burrows) at 8:50
5. Flames , Kyle Palmieri 7 (Justin Faulk) at 9:29
6. RedWings , Andrew Cogliano 3 (Thomas Hickey, Filip Forsberg) at 13:25 (PP)

Penalties :
Zach Trotman (DET) for Hooking (Minor) at 1:42, Zach Trotman (DET) for Roughing (Minor) at 5:05, Mike Smith (CGY) for Slashing (Minor) at 11:53 - Jordan Martinook served the penalty.

3rd period

No Goal

Penalties :
Jared Spurgeon (CGY) for Tripping (Minor) at 1:47, Thomas Hickey (DET) for Tripping (Minor) at 7:10

Goalie Stats

Ben Bishop (CGY), 15 saves from 19 shots - (0.789), L, 7-8-3, 28:50 minutes
Mike Smith (CGY), 20 saves from 21 shots - (0.952), 31:10 minutes
Roberto Luongo (DET), 30 saves from 31 shots - (0.968), W, 8-6-2, 60:00 minutes

Players Stats for Flames

Player Name              G  A  P  +/- PIM S  H  SB GA TA FO     MP     PP MP  PK MP  
------------------------------------------------------------------------------------
Alec Martinez            0  0  0  -1  0   0  2  3  0  0  0/0    23:33   2:49   1:58 
Andrej Nestrasil         0  0  0   0  0   1  0  0  0  0  3/10    8:25   0:17   0:50 
Andrew Miller            0  0  0   0  0   1  0  0  0  0  0/0     7:18   0:00   0:00 
Antoine Vermette         0  0  0   1  0   3  1  1  0  0  22/35  21:21   2:39   1:23 
Beau Bennett             0  0  0  -3  0   2  0  0  0  0  6/17   16:45   0:17   0:54 
Brady Skjei              0  0  0  -1  0   1  1  4  0  0  0/0    16:41   3:08   1:58 
Bryan Rust               0  0  0  -1  0   1  1  0  0  0  0/0    10:38   0:17   0:00 
Daniel Carr              0  0  0   0  0   1  1  0  0  0  0/0     7:18   0:00   0:00 
Devante Smith-Pelly      0  0  0  -3  0   0  2  0  0  0  1/2    20:00   2:39   1:47 
James van Riemsdyk       0  0  0   1  0   6  1  0  0  0  0/2    20:20   3:01   0:00 
Jared Spurgeon           0  0  0  -1  2   1  0  0  0  0  0/0    11:51   0:17   0:00 
Jarome Iginla            0  0  0  -3  0   3  0  0  0  0  0/0    18:35   3:01   0:00 
Jarret Stoll             0  0  0  -1  0   0  0  2  0  0  12/25  15:30   3:01   2:08 
John Carlson             0  0  0  -1  0   2  0  1  0  0  0/0    23:08   2:49   1:33 
Jordan Martinook         0  0  0  -1  0   0  1  0  0  0  0/0    10:21   0:00   0:00 
Justin Faulk             0  1  1  -1  0   0  1  2  0  0  0/0    20:11   0:00   0:00 
Kevan Miller             0  0  0  -1  0   0  6  0  0  0  0/0    24:35   2:51   1:33 
Kyle Palmieri            1  0  1   1  0   9  0  1  0  0  0/0    19:58   2:39   0:00 

Players Stats for RedWings

Player Name              G  A  P  +/- PIM S  H  SB GA TA FO     MP     PP MP  PK MP  
------------------------------------------------------------------------------------
Alexandre Burrows        0  1  1   1  0   0  0  0  0  0  0/0    10:48   0:00   0:00 
Andrew Campbell          0  0  0   1  0   0  0  0  0  0  0/0    20:14   1:57   3:02 
Andrew Cogliano          1  0  1   0  0   2  0  0  0  0  0/1    10:03   1:36   1:33 
David Pastrnak           0  0  0   1  0   2  4  0  0  0  0/4    19:06   1:55   0:00 
Erik Haula               0  1  1   1  0   1  0  0  0  0  1/10   16:51   1:55   4:08 
Filip Forsberg           0  2  2   1  0   5  4  0  0  0  0/0    18:48   1:36   1:33 
Jake Gardiner            0  0  0   2  0   0  0  0  0  0  0/0    14:42   0:00   2:36 
Jonathan Drouin          0  1  1   1  0   1  0  0  0  0  9/26   17:34   1:55   0:00 
Kevin Connauton          0  1  1   1  0   0  1  1  0  0  0/0    15:45   0:00   0:00 
Loui Eriksson            0  0  0   1  0   5  0  0  0  0  1/1    17:11   0:00   0:00 
Micheal Ferland          0  0  0   0  0   1  1  0  0  0  0/0     6:54   0:00   0:00 
Mikhail Grabovski        1  0  1   1  0   2  0  0  0  0  10/13  10:48   0:00   0:00 
Paul Martin              0  1  1   0  0   2  1  0  0  0  0/0    27:32   1:34   3:17 
Sean Monahan             1  0  1   1  0   7  1  0  0  0  17/25  17:11   0:00   0:00 
Thomas Hickey            0  1  1   0  2   3  1  1  0  0  0/0    22:41   1:57   1:43 
Tyler Toffoli            2  0  2   1  0   4  1  1  0  0  3/4    21:39   1:36   4:24 
Vincent Lecavalier       0  0  0   0  0   3  1  0  0  0  6/7     7:10   0:00   0:16 
Zach Trotman             0  1  1   2  4   2  3  3  0  0  0/0    19:03   1:34   1:16 

3 Stars

1 - Tyler Toffoli (DET)
2 - Roberto Luongo (DET)
3 - Filip Forsberg (DET)

Power Play

Flames - 0 on 3 Attempt(s) - 0.00%
RedWings - 1 on 2 Attempt(s) - 50.00%

Penalty Kill

Flames - 1 on 2 Attempt(s) - 50.00% - Score 0 goal in Penalty Kill
RedWings - 3 on 3 Attempt(s) - 100.00% - Score 0 goal in Penalty Kill

Team Stat

Flames - Hits : 17 - Faceoff Wins : 44 - Blocked Shots : 14 - Penalty Minutes : 4
RedWings - Hits : 18 - Faceoff Wins : 47 - Blocked Shots : 6 - Penalty Minutes : 6

Official

Referees : Mark Lemelin and Ghislain Hebert
Linesman : Shandor Alphonso and David Brisebois

Game Notes

Mike Smith enters game at 8:50 of 2nd period

Finance

Level 1 -- Attendance: 6500 (100.00%) -- Ticket Income $435,500
Level 2 -- Attendance: 4756 (95.12%) -- Ticket Income $237,800
Level 3 -- Attendance: 3500 (100.00%) -- Ticket Income $94,500
Level 4 -- Attendance: 2868 (71.22%) -- Ticket Income $22,944
Luxury Box -- Attendance: 1000 (100.00%) -- Ticket Income $130,000
Game was played at the Joe Louis Arena.
Total Attendance: 18624 (92.99%)
Total Ticket Income: $920,744
Other Income: $138,112
Total Income: $1,058,856

% Time on Ice - Flames

Lines # - Real PCT - Wanted PCT - Time Play
Normal Forward
1 - 34% - 40% - 17:19
2 - 31% - 30% - 15:34
3 - 20% - 20% - 10:21
4 - 14% - 10% - 7:18
Normal Defense
1 - 37% - 40% - 18:46
2 - 29% - 30% - 14:52
3 - 23% - 20% - 11:35
4 - 11% - 10% - 5:19
PP Forward
1 - 51% - 60% - 3:01
2 - 49% - 40% - 2:56
PP Defense
1 - 52% - 60% - 3:06
2 - 48% - 40% - 2:51
PK Forward
1 - 76% - 60% - 2:41
2 - 24% - 40% - 0:50
PK Defense
1 - 56% - 60% - 1:58
2 - 44% - 40% - 1:33
PK3 Forward
1 - 0% - 60%
2 - 0% - 40%
PK3 Defense
1 - 0% - 60%
2 - 0% - 40%
44 Forward
1 - 0% - 60%
2 - 0% - 40%
44 Defense
1 - 0% - 60%
2 - 0% - 40%
Last Minute Offensive  - 0:00
Last Minute Defensive  - 0:00
Total
Forward - 60:00
Defense - 60:00

% Time on Ice - RedWings

Lines # - Real PCT - Wanted PCT - Time Play
Normal Forward
1 - 34% - 35% - 17:11
2 - 31% - 35% - 15:39
3 - 21% - 20% - 10:48
4 - 14% - 10% - 6:54
Normal Defense
1 - 37% - 40% - 18:32
2 - 31% - 30% - 15:45
3 - 24% - 20% - 12:06
4 - 8% - 10% - 4:09
PP Forward
1 - 45% - 60% - 1:36
2 - 55% - 40% - 1:55
PP Defense
1 - 45% - 60% - 1:34
2 - 55% - 40% - 1:57
PK Forward
1 - 74% - 60% - 4:24
2 - 26% - 40% - 1:33
PK Defense
1 - 61% - 60% - 3:38
2 - 39% - 40% - 2:19
PK3 Forward
1 - 0% - 60%
2 - 0% - 40%
PK3 Defense
1 - 0% - 60%
2 - 0% - 40%
44 Forward
1 - 0% - 60%
2 - 0% - 40%
44 Defense
1 - 0% - 60%
2 - 0% - 40%
Last Minute Offensive  - 0:00
Last Minute Defensive  - 0:00
Total
Forward - 60:00
Defense - 60:00

Play by Play

1st period


0:01 of 1st period - Sean Monahan wins face-off versus Antoine Vermette in neutral zone.
0:04 of 1st period - Shot by David Pastrnak.
0:04 of 1st period - Shot Misses the Net.
0:25 of 1st period - Icing by Antoine Vermette.
0:26 of 1st period - Antoine Vermette wins face-off versus Jonathan Drouin in Flames zone.
0:51 of 1st period - Tyler Toffoli is hit by Alec Martinez and loses puck.
1:35 of 1st period - Shot by Jarome Iginla.
1:35 of 1st period - Stopped by Roberto Luongo without a rebound.
1:36 of 1st period - Jarret Stoll wins face-off versus Vincent Lecavalier in RedWings zone.
1:36 of 1st period - Bryan Rust is hit by Thomas Hickey and loses puck.
2:00 of 1st period - Icing by Jared Spurgeon.
2:01 of 1st period - Jarret Stoll wins face-off versus David Pastrnak in Flames zone.
2:01 of 1st period - Jarret Stoll is hit by David Pastrnak.
2:26 of 1st period - Icing by Brady Skjei.
2:27 of 1st period - Mikhail Grabovski wins face-off versus Jarret Stoll in Flames zone.
2:38 of 1st period - Shot by Alexandre Burrows.
2:38 of 1st period - Shot Blocked by Brady Skjei.
3:28 of 1st period - Shot by Tyler Toffoli.
3:28 of 1st period - Goal by Tyler Toffoli - Flames : 0 - RedWings : 1.
3:29 of 1st period - Sean Monahan wins face-off versus Andrej Nestrasil in neutral zone.
3:36 of 1st period - John Carlson is hit by Sean Monahan and loses puck.
3:43 of 1st period - Shot by David Pastrnak.
3:43 of 1st period - Stopped by Ben Bishop without a rebound.
3:44 of 1st period - Antoine Vermette wins face-off versus Jonathan Drouin in Flames zone.
3:53 of 1st period - Shot by Antoine Vermette.
3:53 of 1st period - Shot Misses the Net.
3:58 of 1st period - Off-side.
3:59 of 1st period - Sean Monahan wins face-off versus Andrej Nestrasil in neutral zone.
4:10 of 1st period - Shot by Daniel Carr.
4:10 of 1st period - Shot Misses the Net.
4:12 of 1st period - Shot by Justin Faulk.
4:12 of 1st period - Shot Misses the Net.
4:14 of 1st period - Shot by Andrew Miller.
4:14 of 1st period - Stopped by Roberto Luongo without a rebound.
4:15 of 1st period - Antoine Vermette wins face-off versus Jonathan Drouin in RedWings zone.
4:30 of 1st period - Shot by Antoine Vermette.
4:30 of 1st period - Stopped by Roberto Luongo without a rebound.
4:31 of 1st period - Sean Monahan wins face-off versus Beau Bennett in RedWings zone.
4:31 of 1st period - David Pastrnak is hit by Devante Smith-Pelly and loses puck.
4:47 of 1st period - Shot by Sean Monahan.
4:47 of 1st period - Stopped by Ben Bishop without a rebound.
4:48 of 1st period - Jonathan Drouin wins face-off versus Antoine Vermette in Flames zone.
4:51 of 1st period - Shot by Filip Forsberg.
4:51 of 1st period - Stopped by Ben Bishop without a rebound.
4:52 of 1st period - Antoine Vermette wins face-off versus Jonathan Drouin in Flames zone.
5:01 of 1st period - Shot by Kyle Palmieri.
5:01 of 1st period - Stopped by Roberto Luongo without a rebound.
5:02 of 1st period - Andrej Nestrasil wins face-off versus Sean Monahan in RedWings zone.
5:16 of 1st period - Shot by Sean Monahan.
5:16 of 1st period - Shot Misses the Net.
5:18 of 1st period - Shot by Sean Monahan.
5:18 of 1st period - Shot Blocked by Alec Martinez.
5:26 of 1st period - Shot by Sean Monahan.
5:26 of 1st period - Stopped by Ben Bishop without a rebound.
5:27 of 1st period - Jonathan Drouin wins face-off versus Antoine Vermette in Flames zone.
5:28 of 1st period - Shot by Tyler Toffoli.
5:28 of 1st period - Stopped by Ben Bishop without a rebound.
5:29 of 1st period - Antoine Vermette wins face-off versus Jonathan Drouin in Flames zone.
5:31 of 1st period - Icing by Kevan Miller.
5:32 of 1st period - Vincent Lecavalier wins face-off versus Antoine Vermette in Flames zone.
6:05 of 1st period - Shot by James van Riemsdyk.
6:05 of 1st period - Stopped by Roberto Luongo without a rebound.
6:06 of 1st period - Beau Bennett wins face-off versus Jonathan Drouin in RedWings zone.
6:48 of 1st period - Shot by Jarome Iginla.
6:48 of 1st period - Shot Misses the Net.
7:07 of 1st period - Jordan Martinook is hit by Zach Trotman and loses puck.
7:40 of 1st period - Shot by Sean Monahan.
7:40 of 1st period - Goal by Sean Monahan - Flames : 0 - RedWings : 2.
7:41 of 1st period - Antoine Vermette wins face-off versus Sean Monahan in neutral zone.
8:00 of 1st period - Shot by Kyle Palmieri.
8:00 of 1st period - Shot Hit the Post.
8:02 of 1st period - Shot by Kyle Palmieri.
8:02 of 1st period - Stopped by Roberto Luongo without a rebound.
8:03 of 1st period - Mikhail Grabovski wins face-off versus Devante Smith-Pelly in RedWings zone.
8:10 of 1st period - Shot by Mikhail Grabovski.
8:10 of 1st period - Stopped by Ben Bishop without a rebound.
8:11 of 1st period - Mikhail Grabovski wins face-off versus Antoine Vermette in Flames zone.
8:14 of 1st period - Shot by Erik Haula.
8:14 of 1st period - Shot Misses the Net.
8:26 of 1st period - Shot by Erik Haula.
8:26 of 1st period - Deflect By Mikhail Grabovski.
8:26 of 1st period - Shot Misses the Net.
8:52 of 1st period - Shot by Erik Haula.
8:52 of 1st period - Shot Misses the Net.
9:27 of 1st period - Shot by David Pastrnak.
9:27 of 1st period - Stopped by Ben Bishop without a rebound.
9:28 of 1st period - Jonathan Drouin wins face-off versus Beau Bennett in Flames zone.
9:45 of 1st period - Shot by Beau Bennett.
9:45 of 1st period - Shot Misses the Net.
9:47 of 1st period - Shot by John Carlson.
9:47 of 1st period - Stopped by Roberto Luongo without a rebound.
9:48 of 1st period - Vincent Lecavalier wins face-off versus Andrej Nestrasil in RedWings zone.
9:48 of 1st period - Vincent Lecavalier is hit by Daniel Carr.
10:47 of 1st period - Andrew Cogliano is hit by Alec Martinez and loses puck.
11:09 of 1st period - Icing by John Carlson.
11:10 of 1st period - Jonathan Drouin wins face-off versus Beau Bennett in Flames zone.
11:11 of 1st period - Shot by Filip Forsberg.
11:11 of 1st period - Stopped by Ben Bishop with a rebound.
11:13 of 1st period - Shot by Filip Forsberg.
11:13 of 1st period - Shot Misses the Net.
11:17 of 1st period - Shot by Filip Forsberg.
11:17 of 1st period - Shot Misses the Net.
11:19 of 1st period - Shot by Tyler Toffoli.
11:19 of 1st period - Goal by Tyler Toffoli - Flames : 0 - RedWings : 3.
11:20 of 1st period - Antoine Vermette wins face-off versus Sean Monahan in neutral zone.
11:32 of 1st period - Shot by David Pastrnak.
11:32 of 1st period - Shot Misses the Net.
11:34 of 1st period - Shot by Loui Eriksson.
11:34 of 1st period - Stopped by Ben Bishop without a rebound.
11:35 of 1st period - Jonathan Drouin wins face-off versus Jarret Stoll in Flames zone.
11:36 of 1st period - Shot by Tyler Toffoli.
11:36 of 1st period - Shot Misses the Net.
11:46 of 1st period - Zach Trotman is hit by Bryan Rust and loses puck.
12:12 of 1st period - Off-side.
12:13 of 1st period - Sean Monahan wins face-off versus Antoine Vermette in neutral zone.
12:19 of 1st period - Off-side.
12:20 of 1st period - Sean Monahan wins face-off versus Antoine Vermette in neutral zone.
12:23 of 1st period - Shot by Sean Monahan.
12:23 of 1st period - Stopped by Ben Bishop without a rebound.
12:24 of 1st period - Sean Monahan wins face-off versus Antoine Vermette in Flames zone.
12:37 of 1st period - Shot by Loui Eriksson.
12:37 of 1st period - Shot Blocked by Justin Faulk.
13:03 of 1st period - Shot by James van Riemsdyk.
13:03 of 1st period - Shot Misses the Net.
14:13 of 1st period - Zach Trotman is hit by Jordan Martinook.
14:37 of 1st period - Bryan Rust is hit by Zach Trotman.
14:42 of 1st period - Icing by Zach Trotman.
14:43 of 1st period - Antoine Vermette wins face-off versus Jonathan Drouin in RedWings zone.
15:14 of 1st period - Shot by Antoine Vermette.
15:14 of 1st period - Shot Blocked by Zach Trotman.
15:16 of 1st period - Shot by Justin Faulk.
15:16 of 1st period - Shot Misses the Net.
15:18 of 1st period - Shot by James van Riemsdyk.
15:18 of 1st period - Shot Misses the Net.
15:20 of 1st period - Shot by Kyle Palmieri.
15:20 of 1st period - Deflect By James van Riemsdyk.
15:20 of 1st period - Shot Misses the Net.
16:10 of 1st period - Icing by Andrej Nestrasil.
16:11 of 1st period - Sean Monahan wins face-off versus Andrej Nestrasil in Flames zone.
16:54 of 1st period - Shot by Sean Monahan.
16:54 of 1st period - Shot Blocked by Brady Skjei.
19:10 of 1st period - Jordan Martinook is hit by Micheal Ferland and loses puck.
Goals for this period are 0 for Flames vs 3 for RedWings.
Shots for this period are 7 for Flames vs 13 for RedWings.

2nd period


0:01 of 2nd period - Antoine Vermette wins face-off versus David Pastrnak in neutral zone.
0:14 of 2nd period - Shot by Kyle Palmieri.
0:14 of 2nd period - Shot Hit the Post.
0:16 of 2nd period - Shot by Alec Martinez.
0:16 of 2nd period - Deflect By Kyle Palmieri.
0:16 of 2nd period - Shot Blocked by Zach Trotman.
0:20 of 2nd period - Shot by Kyle Palmieri.
0:20 of 2nd period - Deflect By James van Riemsdyk.
0:20 of 2nd period - Stopped by Roberto Luongo without a rebound.
0:21 of 2nd period - Jonathan Drouin wins face-off versus Beau Bennett in RedWings zone.
0:31 of 2nd period - Filip Forsberg is hit by Kevan Miller and loses puck.
0:56 of 2nd period - Shot by Beau Bennett.
0:56 of 2nd period - Stopped by Roberto Luongo without a rebound.
0:57 of 2nd period - Antoine Vermette wins face-off versus Sean Monahan in RedWings zone.
1:42 of 2nd period - Minor Penalty to Zach Trotman for Hooking.
1:43 of 2nd period - Jarret Stoll wins face-off versus Erik Haula in RedWings zone.
3:51 of 2nd period - Shot by Loui Eriksson.
3:51 of 2nd period - Stopped by Ben Bishop without a rebound.
3:52 of 2nd period - Sean Monahan wins face-off versus Andrej Nestrasil in Flames zone.
4:01 of 2nd period - Shot by Daniel Carr.
4:01 of 2nd period - Stopped by Roberto Luongo without a rebound.
4:02 of 2nd period - Loui Eriksson wins face-off versus Jarret Stoll in RedWings zone.
4:16 of 2nd period - Icing by John Carlson.
4:17 of 2nd period - Vincent Lecavalier wins face-off versus Jarret Stoll in Flames zone.
4:30 of 2nd period - Shot by Andrew Cogliano.
4:30 of 2nd period - Stopped by Ben Bishop with a rebound.
4:32 of 2nd period - Shot by Vincent Lecavalier.
4:32 of 2nd period - Stopped by Ben Bishop without a rebound.
4:33 of 2nd period - Beau Bennett wins face-off versus Sean Monahan in Flames zone.
4:35 of 2nd period - Jarome Iginla is hit by David Pastrnak and loses puck.
4:39 of 2nd period - Justin Faulk is hit by Zach Trotman and loses puck.
5:05 of 2nd period - Minor Penalty to Zach Trotman for Roughing.
5:06 of 2nd period - Jarret Stoll wins face-off versus Erik Haula in RedWings zone.
5:09 of 2nd period - Shot by Alec Martinez.
5:09 of 2nd period - Shot Blocked by Thomas Hickey.
5:11 of 2nd period - Shot by Jarome Iginla.
5:11 of 2nd period - Shot Misses the Net.
5:25 of 2nd period - Shot by John Carlson.
5:25 of 2nd period - Stopped by Roberto Luongo without a rebound.
5:26 of 2nd period - Antoine Vermette wins face-off versus Erik Haula in RedWings zone.
5:35 of 2nd period - Shot by Kyle Palmieri.
5:35 of 2nd period - Stopped by Roberto Luongo without a rebound.
5:36 of 2nd period - Antoine Vermette wins face-off versus Erik Haula in RedWings zone.
5:49 of 2nd period - Shot by John Carlson.
5:49 of 2nd period - Deflect By Kyle Palmieri.
5:49 of 2nd period - Shot Blocked by Tyler Toffoli.
5:51 of 2nd period - Shot by Kyle Palmieri.
5:51 of 2nd period - Shot Misses the Net.
5:53 of 2nd period - Shot by Kyle Palmieri.
5:53 of 2nd period - Stopped by Roberto Luongo without a rebound.
5:54 of 2nd period - Erik Haula wins face-off versus Jarret Stoll in RedWings zone.
6:30 of 2nd period - Shot by Jarret Stoll.
6:30 of 2nd period - Shot Misses the Net.
6:32 of 2nd period - Shot by Jarome Iginla.
6:32 of 2nd period - Stopped by Roberto Luongo with a rebound.
6:34 of 2nd period - Shot by Brady Skjei.
6:34 of 2nd period - Stopped by Roberto Luongo without a rebound.
6:35 of 2nd period - Antoine Vermette wins face-off versus Andrew Cogliano in RedWings zone.
7:16 of 2nd period - Icing by Loui Eriksson.
7:17 of 2nd period - Sean Monahan wins face-off versus Jarret Stoll in RedWings zone.
7:48 of 2nd period - Shot by David Pastrnak.
7:48 of 2nd period - Shot Blocked by Brady Skjei.
7:50 of 2nd period - Shot by Loui Eriksson.
7:50 of 2nd period - Stopped by Ben Bishop without a rebound.
7:51 of 2nd period - Jonathan Drouin wins face-off versus Antoine Vermette in Flames zone.
7:54 of 2nd period - Shot by Filip Forsberg.
7:54 of 2nd period - Stopped by Ben Bishop without a rebound.
7:55 of 2nd period - Antoine Vermette wins face-off versus Jonathan Drouin in Flames zone.
8:26 of 2nd period - Shot by Kyle Palmieri.
8:26 of 2nd period - Stopped by Roberto Luongo without a rebound.
8:27 of 2nd period - Mikhail Grabovski wins face-off versus Beau Bennett in RedWings zone.
8:50 of 2nd period - Shot by Mikhail Grabovski.
8:50 of 2nd period - Goal by Mikhail Grabovski - Flames : 0 - RedWings : 4.
8:50 of 2nd period - Mike Smith enters game.
8:51 of 2nd period - Sean Monahan wins face-off versus Jarret Stoll in neutral zone.
9:02 of 2nd period - Shot by Sean Monahan.
9:02 of 2nd period - Stopped by Mike Smith without a rebound.
9:03 of 2nd period - Antoine Vermette wins face-off versus Jonathan Drouin in Flames zone.
9:03 of 2nd period - Antoine Vermette is hit by Filip Forsberg.
9:29 of 2nd period - Shot by Kyle Palmieri.
9:29 of 2nd period - Goal by Kyle Palmieri - Flames : 1 - RedWings : 4.
9:30 of 2nd period - Beau Bennett wins face-off versus Mikhail Grabovski in neutral zone.
9:34 of 2nd period - Alec Martinez is hit by Kevin Connauton.
10:20 of 2nd period - Paul Martin is hit by Devante Smith-Pelly and loses puck.
10:30 of 2nd period - Tyler Toffoli is hit by Kevan Miller and loses puck.
10:37 of 2nd period - Shot by Tyler Toffoli.
10:37 of 2nd period - Stopped by Mike Smith with a rebound.
10:39 of 2nd period - Shot by Filip Forsberg.
10:39 of 2nd period - Shot Misses the Net.
10:41 of 2nd period - Shot by Jonathan Drouin.
10:41 of 2nd period - Shot Misses the Net.
10:43 of 2nd period - Shot by Jonathan Drouin.
10:43 of 2nd period - Shot Misses the Net.
10:45 of 2nd period - Shot by Paul Martin.
10:45 of 2nd period - Shot Blocked by Antoine Vermette.
10:47 of 2nd period - Shot by Thomas Hickey.
10:47 of 2nd period - Stopped by Mike Smith with a rebound.
11:53 of 2nd period - Shot by Sean Monahan.
11:53 of 2nd period - Stopped by Mike Smith without a rebound.
11:53 of 2nd period - Minor Penalty to Mike Smith for Slashing.
11:54 of 2nd period - Tyler Toffoli wins face-off versus Jarret Stoll in Flames zone.
12:23 of 2nd period - Shot by Filip Forsberg.
12:23 of 2nd period - Stopped by Mike Smith without a rebound.
12:24 of 2nd period - Jarret Stoll wins face-off versus Erik Haula in Flames zone.
12:24 of 2nd period - Jarret Stoll is hit by David Pastrnak.
13:25 of 2nd period - Shot by Andrew Cogliano.
13:25 of 2nd period - Goal by Andrew Cogliano - Flames : 1 - RedWings : 5.
13:26 of 2nd period - Vincent Lecavalier wins face-off versus Andrej Nestrasil in neutral zone.
13:39 of 2nd period - Shot by Andrew Cogliano.
13:39 of 2nd period - Shot Misses the Net.
13:41 of 2nd period - Shot by Andrew Cogliano.
13:41 of 2nd period - Shot Misses the Net.
13:47 of 2nd period - Shot by Vincent Lecavalier.
13:47 of 2nd period - Stopped by Mike Smith without a rebound.
13:48 of 2nd period - Beau Bennett wins face-off versus Mikhail Grabovski in Flames zone.
15:00 of 2nd period - Shot by James van Riemsdyk.
15:00 of 2nd period - Stopped by Roberto Luongo without a rebound.
15:01 of 2nd period - Jarret Stoll wins face-off versus Jonathan Drouin in RedWings zone.
15:10 of 2nd period - Shot by Bryan Rust.
15:10 of 2nd period - Stopped by Roberto Luongo without a rebound.
15:11 of 2nd period - Sean Monahan wins face-off versus Antoine Vermette in RedWings zone.
15:44 of 2nd period - Shot by Kyle Palmieri.
15:44 of 2nd period - Shot Blocked by Kevin Connauton.
17:18 of 2nd period - Shot by Tyler Toffoli.
17:18 of 2nd period - Shot Misses the Net.
17:20 of 2nd period - Shot by Tyler Toffoli.
17:20 of 2nd period - Shot Blocked by Alec Martinez.
17:40 of 2nd period - Shot by Jarome Iginla.
17:40 of 2nd period - Shot Hit the Post.
18:13 of 2nd period - Icing by Justin Faulk.
18:14 of 2nd period - Mikhail Grabovski wins face-off versus Andrej Nestrasil in Flames zone.
19:20 of 2nd period - Shot by Vincent Lecavalier.
19:20 of 2nd period - Shot Blocked by Justin Faulk.
19:23 of 2nd period - Icing by Justin Faulk.
19:24 of 2nd period - Andrej Nestrasil wins face-off versus Jonathan Drouin in Flames zone.
19:42 of 2nd period - Off-side.
19:43 of 2nd period - Vincent Lecavalier wins face-off versus James van Riemsdyk in neutral zone.
19:52 of 2nd period - Andrew Cogliano is hit by James van Riemsdyk and loses puck.
19:57 of 2nd period - Shot by James van Riemsdyk.
19:57 of 2nd period - Stopped by Roberto Luongo without a rebound.
19:58 of 2nd period - Mikhail Grabovski wins face-off versus Beau Bennett in RedWings zone.
Goals for this period are 1 for Flames vs 2 for RedWings.
Shots for this period are 13 for Flames vs 13 for RedWings.

3rd period


0:01 of 3rd period - Antoine Vermette wins face-off versus Jonathan Drouin in neutral zone.
0:05 of 3rd period - Kyle Palmieri is hit by Paul Martin and loses puck.
1:43 of 3rd period - Loui Eriksson is hit by Brady Skjei and loses puck.
1:47 of 3rd period - Minor Penalty to Jared Spurgeon for Tripping.
1:48 of 3rd period - Jarret Stoll wins face-off versus Tyler Toffoli in Flames zone.
2:03 of 3rd period - Shot by Tyler Toffoli.
2:03 of 3rd period - Shot Misses the Net.
2:22 of 3rd period - Shot by Filip Forsberg.
2:22 of 3rd period - Shot Blocked by Jarret Stoll.
2:24 of 3rd period - Shot by Zach Trotman.
2:24 of 3rd period - Stopped by Mike Smith without a rebound.
2:25 of 3rd period - Devante Smith-Pelly wins face-off versus Erik Haula in Flames zone.
2:39 of 3rd period - Shot by Thomas Hickey.
2:39 of 3rd period - Stopped by Mike Smith with a rebound.
2:41 of 3rd period - Shot by Erik Haula.
2:41 of 3rd period - Stopped by Mike Smith without a rebound.
2:42 of 3rd period - Tyler Toffoli wins face-off versus Antoine Vermette in Flames zone.
2:53 of 3rd period - Shot by Paul Martin.
2:53 of 3rd period - Stopped by Mike Smith without a rebound.
2:54 of 3rd period - Jarret Stoll wins face-off versus David Pastrnak in Flames zone.
3:27 of 3rd period - Shot by David Pastrnak.
3:27 of 3rd period - Shot Misses the Net.
4:08 of 3rd period - Kevan Miller is hit by Vincent Lecavalier and loses puck.
4:27 of 3rd period - Shot by Micheal Ferland.
4:27 of 3rd period - Stopped by Mike Smith without a rebound.
4:28 of 3rd period - Andrej Nestrasil wins face-off versus Jonathan Drouin in Flames zone.
5:42 of 3rd period - Shot by Devante Smith-Pelly.
5:42 of 3rd period - Deflect By Beau Bennett.
5:42 of 3rd period - Stopped by Roberto Luongo with a rebound.
5:44 of 3rd period - Shot by Beau Bennett.
5:44 of 3rd period - Shot Misses the Net.
5:46 of 3rd period - Shot by Jared Spurgeon.
5:46 of 3rd period - Stopped by Roberto Luongo without a rebound.
5:47 of 3rd period - Sean Monahan wins face-off versus Jarret Stoll in RedWings zone.
5:56 of 3rd period - Shot by Sean Monahan.
5:56 of 3rd period - Stopped by Mike Smith without a rebound.
5:57 of 3rd period - Sean Monahan wins face-off versus Antoine Vermette in Flames zone.
6:12 of 3rd period - Shot by Kyle Palmieri.
6:12 of 3rd period - Stopped by Roberto Luongo with a rebound.
6:37 of 3rd period - Shot by Kyle Palmieri.
6:37 of 3rd period - Stopped by Roberto Luongo without a rebound.
6:38 of 3rd period - Jonathan Drouin wins face-off versus Beau Bennett in RedWings zone.
6:47 of 3rd period - Icing by Alec Martinez.
6:48 of 3rd period - Mikhail Grabovski wins face-off versus Beau Bennett in Flames zone.
6:51 of 3rd period - Shot by Erik Haula.
6:51 of 3rd period - Shot Blocked by John Carlson.
7:10 of 3rd period - Minor Penalty to Thomas Hickey for Tripping.
7:11 of 3rd period - Jarret Stoll wins face-off versus Erik Haula in RedWings zone.
7:21 of 3rd period - Icing by Jarret Stoll.
7:22 of 3rd period - Jarret Stoll wins face-off versus Erik Haula in Flames zone.
7:24 of 3rd period - James van Riemsdyk is hit by Tyler Toffoli and loses puck.
7:31 of 3rd period - Shot by James van Riemsdyk.
7:31 of 3rd period - Shot Misses the Net.
7:33 of 3rd period - Shot by James van Riemsdyk.
7:33 of 3rd period - Shot Misses the Net.
7:37 of 3rd period - Shot by James van Riemsdyk.
7:37 of 3rd period - Stopped by Roberto Luongo without a rebound.
7:38 of 3rd period - Antoine Vermette wins face-off versus Erik Haula in RedWings zone.
7:41 of 3rd period - Shot by Antoine Vermette.
7:41 of 3rd period - Stopped by Roberto Luongo without a rebound.
7:42 of 3rd period - Tyler Toffoli wins face-off versus Antoine Vermette in RedWings zone.
9:39 of 3rd period - Shot by Andrej Nestrasil.
9:39 of 3rd period - Stopped by Roberto Luongo without a rebound.
9:40 of 3rd period - Vincent Lecavalier wins face-off versus Jarret Stoll in RedWings zone.
9:55 of 3rd period - Shot by Andrew Cogliano.
9:55 of 3rd period - Shot Blocked by Jarret Stoll.
10:13 of 3rd period - Shot by Vincent Lecavalier.
10:13 of 3rd period - Shot Misses the Net.
10:15 of 3rd period - Shot by Zach Trotman.
10:15 of 3rd period - Deflect By Vincent Lecavalier.
10:15 of 3rd period - Stopped by Mike Smith with a rebound.
10:17 of 3rd period - Shot by Zach Trotman.
10:17 of 3rd period - Stopped by Mike Smith without a rebound.
10:18 of 3rd period - Antoine Vermette wins face-off versus Sean Monahan in Flames zone.
10:20 of 3rd period - Icing by John Carlson.
10:21 of 3rd period - Antoine Vermette wins face-off versus Jonathan Drouin in Flames zone.
10:59 of 3rd period - Shot by Tyler Toffoli.
10:59 of 3rd period - Shot Blocked by Alec Martinez.
11:01 of 3rd period - Shot by Paul Martin.
11:01 of 3rd period - Stopped by Mike Smith without a rebound.
11:02 of 3rd period - Sean Monahan wins face-off versus Beau Bennett in Flames zone.
11:06 of 3rd period - Icing by Kevan Miller.
11:07 of 3rd period - Beau Bennett wins face-off versus Sean Monahan in Flames zone.
11:07 of 3rd period - Beau Bennett is hit by David Pastrnak.
11:28 of 3rd period - Shot by David Pastrnak.
11:28 of 3rd period - Deflect By Loui Eriksson.
11:28 of 3rd period - Stopped by Mike Smith without a rebound.
11:29 of 3rd period - Antoine Vermette wins face-off versus Mikhail Grabovski in Flames zone.
11:42 of 3rd period - Shot by Antoine Vermette.
11:42 of 3rd period - Stopped by Roberto Luongo with a rebound.
11:44 of 3rd period - Shot by John Carlson.
11:44 of 3rd period - Shot Misses the Net.
12:23 of 3rd period - Alexandre Burrows is hit by Kevan Miller and loses puck.
12:32 of 3rd period - Shot by Devante Smith-Pelly.
12:32 of 3rd period - Shot Misses the Net.
12:37 of 3rd period - Icing by Paul Martin.
12:38 of 3rd period - Mikhail Grabovski wins face-off versus Jarret Stoll in RedWings zone.
13:03 of 3rd period - Icing by Jarret Stoll.
13:04 of 3rd period - Jarret Stoll wins face-off versus Sean Monahan in Flames zone.
13:32 of 3rd period - Off-side.
13:33 of 3rd period - Antoine Vermette wins face-off versus Jonathan Drouin in neutral zone.
13:54 of 3rd period - Shot by Jonathan Drouin.
13:54 of 3rd period - Shot Misses the Net.
13:57 of 3rd period - Icing by James van Riemsdyk.
13:58 of 3rd period - Antoine Vermette wins face-off versus David Pastrnak in Flames zone.
14:08 of 3rd period - Shot by James van Riemsdyk.
14:08 of 3rd period - Stopped by Roberto Luongo without a rebound.
14:09 of 3rd period - Beau Bennett wins face-off versus Jonathan Drouin in RedWings zone.
14:19 of 3rd period - Jonathan Drouin is hit by Justin Faulk and loses puck.
14:34 of 3rd period - Shot by Devante Smith-Pelly.
14:34 of 3rd period - Shot Misses the Net.
14:42 of 3rd period - Shot by Jarome Iginla.
14:42 of 3rd period - Stopped by Roberto Luongo with a rebound.
14:44 of 3rd period - Shot by Kevan Miller.
14:44 of 3rd period - Shot Misses the Net.
14:46 of 3rd period - Shot by Kevan Miller.
14:46 of 3rd period - Shot Blocked by Zach Trotman.
14:48 of 3rd period - Shot by Justin Faulk.
14:48 of 3rd period - Shot Misses the Net.
15:22 of 3rd period - Shot by Kyle Palmieri.
15:22 of 3rd period - Stopped by Roberto Luongo without a rebound.
15:23 of 3rd period - Mikhail Grabovski wins face-off versus Jarret Stoll in RedWings zone.
15:55 of 3rd period - Icing by Jared Spurgeon.
15:56 of 3rd period - Sean Monahan wins face-off versus Jarret Stoll in Flames zone.
16:35 of 3rd period - Shot by Sean Monahan.
16:35 of 3rd period - Shot Misses the Net.
16:37 of 3rd period - Shot by Kevin Connauton.
16:37 of 3rd period - Shot Misses the Net.
16:39 of 3rd period - Shot by Loui Eriksson.
16:39 of 3rd period - Stopped by Mike Smith without a rebound.
16:40 of 3rd period - Jonathan Drouin wins face-off versus James van Riemsdyk in Flames zone.
16:45 of 3rd period - Shot by Filip Forsberg.
16:45 of 3rd period - Stopped by Mike Smith with a rebound.
16:47 of 3rd period - Shot by Filip Forsberg.
16:47 of 3rd period - Shot Misses the Net.
16:55 of 3rd period - Shot by Tyler Toffoli.
16:55 of 3rd period - Shot Blocked by Kyle Palmieri.
16:57 of 3rd period - Shot by Thomas Hickey.
16:57 of 3rd period - Stopped by Mike Smith without a rebound.
16:58 of 3rd period - Mikhail Grabovski wins face-off versus Beau Bennett in Flames zone.
16:58 of 3rd period - Mikhail Grabovski is hit by Kevan Miller.
17:03 of 3rd period - Erik Haula is hit by Kevan Miller and loses puck.
18:00 of 3rd period - Shot by Jonathan Drouin.
18:00 of 3rd period - Stopped by Mike Smith with a rebound.
18:17 of 3rd period - Jarome Iginla is hit by Filip Forsberg and loses puck.
18:28 of 3rd period - Icing by Devante Smith-Pelly.
18:29 of 3rd period - Sean Monahan wins face-off versus Beau Bennett in Flames zone.
18:31 of 3rd period - Loui Eriksson is hit by Kevan Miller.
18:35 of 3rd period - Shot by David Pastrnak.
18:35 of 3rd period - Deflect By Sean Monahan.
18:35 of 3rd period - Shot Hit the Post.
19:05 of 3rd period - Sean Monahan is hit by Antoine Vermette.
19:29 of 3rd period - Off-side.
19:30 of 3rd period - Jarret Stoll wins face-off versus Jonathan Drouin in neutral zone.
19:30 of 3rd period - Jordan Martinook is hit by Filip Forsberg and loses puck.
19:35 of 3rd period - Jarret Stoll is hit by Filip Forsberg and loses puck.
19:55 of 3rd period - Shot by Jonathan Drouin.
19:55 of 3rd period - Shot Blocked by Brady Skjei.
Goals for this period are 0 for Flames vs 0 for RedWings.
Shots for this period are 11 for Flames vs 14 for RedWings.